 Dungeon Crawl Stone Soup version 0.31-a0-180-g519b7de00c (webtiles) character file.

Game seed: 6251942757348150070

1176 qw the Skirmisher (level 8, -1/74 HPs)
             Began as a Naga Hunter on June 19, 2023.
             Was an Initiate of Okawaru.
             Slain by a gnoll
             ... wielding a +0 club
              (3 damage)
             ... on level 6 of the Dungeon.
             The game lasted 00:01:43 (4664 turns).

qw the Skirmisher (Naga Hunter)                     Turns: 4664, Time: 00:01:43

Health: -1/74      AC:  4    Str: 13    XL:     8   Next: 41%
Magic:  7/8        EV: 20    Int: 10    God:    Okawaru [......]
Gold:   249        SH:  0    Dex: 17    Spells: 7/7 levels left

rFire   . . .        a - +3 shortbow
rCold   . . .        (shield currently unavailable)
rNeg    . . .        c - +0 leather armour
rPois   +            (no helmet)
rElec   .            (no cloak)
rCorr   .            (no gloves)
SInv    +            (no barding)
Will    +....        (no amulet)
Stlth   ++           b - +5 ring of evasion
HPRegen 0.32/turn    k - +5 ring of evasion
MPRegen 0.11/turn

%: no passive effects
@: very slow
A: AC +2, large, see invisible, deformed body, poison resistance, slowness 2,
spit poison 1, naga tail 1
a: Spit Poison, Renounce Religion


You were on level 6 of the Dungeon.
You worshipped Okawaru.
Okawaru was noncommittal.
You visited 2 branches of the dungeon, and saw 7 of its levels.

You collected 273 gold pieces.
You spent 24 gold pieces at shops.


Innate Abilities, Weirdness & Mutations

Your serpentine skin is tough. (AC +2)
You have supernaturally acute eyesight. (SInv)
Armour fits poorly on your strangely shaped body.
Your system is resistant to poisons. (rPois)
You cover ground very slowly.
You can spit poison.
You have a snake-like lower body.


   Skills:
 - Level 5.2 Fighting
 + Level 8.5 Ranged Weapons
 - Level 2.0 Dodging
 - Level 1.5 Stealth


You had 7 spell levels left.
You didn't know any spells.
Your spell library was empty.

Inventory:

Hand Weapons
 a - a +3 shortbow (weapon)
Armour
 c - a +0 leather armour (worn)
Jewellery
 b - a +5 ring of evasion (left hand)
 k - a +5 ring of evasion (right hand)
Scrolls
 i - 2 scrolls of identify
 j - a scroll of enchant armour
Potions
 d - 2 potions of curing
 f - a potion of resistance
 g - a potion of enlightenment
 h - a potion of might

Dungeon Overview and Level Annotations

Branches:
Dungeon (6/15)             Temple (1/1) D:4

Altars:
Ashenzari
Cheibriados
Dithmenos
Elyvilon
Fedhas
Hepliaklqana
Kikubaaqudgha
Makhleb
Nemelex Xobeh
Okawaru
Qazlal
Ru
Sif Muna
Uskayaw
Vehumet
Wu Jian
Xom
Yredelemnul
Zin

Shops:
D:1 ?   D:3 (

Annotations:
D:4 2 transporters


Message History

You shoot an arrow. The arrow hits the gnoll!
You kill the gnoll!
Okawaru accepts your kill.
You have got your breath back.
The gnoll closely misses you. x2
4657 ||| INVOKING Spit Poison.
Aiming: Spit Poison (1% risk of failure)
Press: ? - help, Shift-Dir - straight line, f - gnoll The splash of poison hits the gnoll.
The gnoll is moderately wounded.
The gnoll hits you but does no damage. The gnoll hits you with a +0 flail.
You shoot an arrow. The arrow hits the gnoll.
The gnoll is heavily wounded.
The gnoll misses you. The gnoll closely misses you.
You shoot an arrow. The arrow hits the gnoll.
The gnoll is severely wounded.
The gnoll misses you. The gnoll completely misses you.
You shoot an arrow. The arrow hits the gnoll!
You kill the gnoll!
Okawaru accepts your kill.
You feel like a meek peon again.
You hear a shout!
You shoot an arrow. The arrow hits the gnoll.
The gnoll is severely wounded.
The gnoll hits you from afar with a +0 spear.
You shoot an arrow.
The arrow hits the gnoll but does no damage.
The gnoll is severely wounded.
The gnoll closely misses you.
You shoot an arrow. The arrow hits the gnoll!
The gnoll is almost dead.
A white imp comes into view.
The gnoll misses you. The gnoll closely misses you.
You shoot an arrow.
The arrow hits the gnoll but does no damage.
The gnoll is almost dead.
You have got your breath back.
The gnoll hits you from afar with a +0 spear.
The gnoll hits you with a +0 club.
You die...

#..¤.c...#
#.¤......#
#...Y....#
#........#
###........#
#>.........#
#.)........+
...........#########
###.......gg@.......
#.###.###5########
#g #.. #.# # ##. ...
##.. . ##. #. ..


You could see 2 gnolls and a white imp.

Vanquished Creatures
  Menkaure (D:4)
  A sky beast (D:6)
  A centaur (D:6)
  An ogre (D:4)
  2 phantoms
  A scorpion (D:5)
  2 hounds
  A sleepcap (D:5)
  Jessica (D:3)
  5 iguanas
  4 orc wizards
  12 gnolls
  4 river rats (D:3)
  5 adders
  4 worms
  3 dart slugs
  9 orcs
  7 ball pythons
  3 endoplasms
  6 giant cockroaches
  6 goblins
  5 hobgoblins
  5 jackals
  9 kobolds
  3 quokkas
  7 bats
  2 frilled lizards (D:2)
  6 rats
116 creatures vanquished.

Notes
Turn   | Place    | Note
-------+----------+-------------------------------------------
     0 | D:1      | qw the Naga Hunter began the quest for the Orb.
     0 | D:1      | Reached XP level 1. HP: 19/19 MP: 1/1
     0 | D:1      | 0 ||| qw: Version: 0.3-a-7-ge0c9b40
     0 | D:1      | 0 ||| qw: Game counter: 978
     0 | D:1      | 0 ||| qw: Always use a shield: true
     0 | D:1      | 0 ||| qw: God list: Okawaru
     0 | D:1      | 0 ||| qw: Allow faded altars: false
     0 | D:1      | 0 ||| qw: Do Orc after D:15 true
     0 | D:1      | 0 ||| qw: Do second Lair branch before Depths: true
     0 | D:1      | 0 ||| qw: Lair rune preference: random
     0 | D:1      | 0 ||| qw: Plans: Normal
     0 | D:1      | 0 ||| PLANNING D:1-11
    39 | D:1      | 39 ||| INVOKING Spit Poison.
    51 | D:1      | 51 ||| INVOKING Spit Poison.
    55 | D:1      | 55 ||| INVOKING Spit Poison.
    59 | D:1      | 59 ||| INVOKING Spit Poison.
   182 | D:1      | 182 ||| INVOKING Spit Poison.
   183 | D:1      | 183 ||| INVOKING Spit Poison.
   187 | D:1      | 187 ||| INVOKING Spit Poison.
   189 | D:1      | Reached skill level 4 in Ranged Weapons
   189 | D:1      | Reached XP level 2. HP: 22/26 MP: 2/2
   231 | D:1      | 231 ||| INVOKING Spit Poison.
   232 | D:1      | 232 ||| INVOKING Spit Poison.
   236 | D:1      | 236 ||| INVOKING Spit Poison.
   274 | D:1      | 274 ||| INVOKING Spit Poison.
   278 | D:1      | 278 ||| INVOKING Spit Poison.
   284 | D:1      | 284 ||| INVOKING Spit Poison.
   300 | D:1      | 300 ||| INVOKING Spit Poison.
   317 | D:1      | Found Beqigror's Magic Scroll Emporium.
   322 | D:1      | 322 ||| INVOKING Spit Poison.
   330 | D:1      | 330 ||| SHOPLISTING scroll of enchant weapon (90 gold, have
                  | 45).
   330 | D:1      | 330 ||| BUYING scroll of identify (24 gold).
   330 | D:1      | Bought a scroll of identify for 24 gold pieces
   330 | D:1      | 330 ||| SHOPLISTING scroll of identify (24 gold, have 21).
   330 | D:1      | 330 ||| SHOPLISTING scroll of teleportation (36 gold, have
                  | 21).
   381 | D:1      | 381 ||| INVOKING Spit Poison.
   402 | D:1      | 402 ||| INVOKING Spit Poison.
   531 | D:1      | 531 ||| INVOKING Spit Poison.
   532 | D:1      | Reached XP level 3. HP: 32/32 MP: 3/3
   743 | D:1      | 743 ||| READING scroll labelled HOKUCH IGOU.
   744 | D:1      | 744 ||| READING 2 scrolls labelled JIUJIW HOIPPOSS.
   746 | D:1      | 746 ||| READING scroll labelled XEULOV CIPAE.
   754 | D:1      | 754 ||| READING 3 scrolls of identify.
   754 | D:1      | 754 ||| IDENTIFYING dark potion
   755 | D:1      | 755 ||| READING 2 scrolls of identify.
   755 | D:1      | 755 ||| IDENTIFYING white potion
   756 | D:1      | 756 ||| DROPPING scroll of butterflies.
   757 | D:1      | 757 ||| DROPPING scroll of amnesia.
   777 | D:2      | 777 ||| INVOKING Spit Poison.
   782 | D:2      | 782 ||| INVOKING Spit Poison.
   856 | D:2      | 856 ||| INVOKING Spit Poison.
   863 | D:2      | 863 ||| INVOKING Spit Poison.
   958 | D:2      | 958 ||| INVOKING Spit Poison.
   979 | D:2      | 979 ||| INVOKING Spit Poison.
  1061 | D:2      | 1061 ||| INVOKING Spit Poison.
  1067 | D:2      | 1067 ||| INVOKING Spit Poison.
  1072 | D:2      | HP: 7/32 [gnoll/+0 club (4)]
  1073 | D:2      | 1073 ||| DRINKING potion of heal wounds.
  1074 | D:2      | 1074 ||| INVOKING Spit Poison.
  1077 | D:2      | Reached skill level 5 in Ranged Weapons
  1077 | D:2      | Reached XP level 4. HP: 7/39 MP: 4/4
  1077 | D:2      | 1077 ||| INVOKING Spit Poison.
  1281 | D:2      | 1281 ||| INVOKING Spit Poison.
  1386 | D:2      | 1386 ||| INVOKING Spit Poison.
  1389 | D:2      | 1389 ||| INVOKING Spit Poison.
  1396 | D:2      | 1396 ||| INVOKING Spit Poison.
  1469 | D:2      | 1469 ||| INVOKING Spit Poison.
  1680 | D:2      | 1680 ||| UPGRADING to +4 ring of slaying {mikee}.
  1681 | D:2      | 1681 ||| READING scroll labelled DECZORINIWN.
  1682 | D:2      | 1682 ||| READING 2 scrolls of identify.
  1682 | D:2      | 1682 ||| IDENTIFYING fuming black potion
  1699 | D:3      | 1699 ||| PLANNING SEWER
  1700 | D:3      | 1700 ||| INVOKING Spit Poison.
  1703 | D:3      | 1703 ||| INVOKING Spit Poison.
  1709 | D:3      | 1709 ||| INVOKING Spit Poison.
  1716 | D:3      | 1716 ||| INVOKING Spit Poison.
  1717 | D:3      | Reached skill level 3 in Fighting
  1760 | D:3      | 1760 ||| INVOKING Spit Poison.
  1764 | D:3      | 1764 ||| INVOKING Spit Poison.
  1766 | D:3      | Reached XP level 5. HP: 42/49 MP: 5/5
  1833 | D:3      | 1833 ||| INVOKING Spit Poison.
  1838 | D:3      | 1838 ||| INVOKING Spit Poison.
  1861 | D:3      | 1861 ||| INVOKING Spit Poison.
  1895 | D:3      | 1895 ||| INVOKING Spit Poison.
  1972 | D:3      | 1972 ||| INVOKING Spit Poison.
  1975 | D:3      | 1975 ||| INVOKING Spit Poison.
  1981 | D:3      | 1981 ||| INVOKING Spit Poison.
  1987 | D:3      | 1987 ||| INVOKING Spit Poison.
  2005 | D:3      | Found a hide-covered altar of Uskayaw.
  2057 | D:3      | Found Serux's Antique Weapon Shop.
  2063 | D:3      | 2063 ||| INVOKING Spit Poison.
  2082 | D:3      | 2082 ||| INVOKING Spit Poison.
  2086 | D:3      | Reached skill level 6 in Ranged Weapons
  2096 | D:3      | 2096 ||| INVOKING Spit Poison.
  2099 | D:3      | Identified the +9 mace of Qoneof {protect, Str+4}
  2115 | D:3      | Reached XP level 6. HP: 56/56 MP: 6/6
  2258 | D:3      | 2258 ||| INVOKING Spit Poison.
  2294 | D:3      | 2294 ||| RIP SEWER
  2345 | D:3      | Noticed Jessica
  2346 | D:3      | 2346 ||| PLANNING D:1-11
  2349 | D:3      | Killed Jessica
  2356 | D:3      | Found a shimmering blue altar of Sif Muna.
  2389 | D:3      | 2389 ||| INVOKING Spit Poison.
  2396 | D:3      | 2396 ||| INVOKING Spit Poison.
  2401 | D:3      | 2401 ||| INVOKING Spit Poison.
  2415 | D:3      | 2415 ||| INVOKING Spit Poison.
  2426 | D:3      | 2426 ||| INVOKING Spit Poison.
  2543 | D:3      | 2543 ||| UPGRADING to +5 ring of evasion.
  2544 | D:3      | 2544 ||| READING scroll labelled PIADEON SURCHAP.
  2545 | D:3      | 2545 ||| READING scroll labelled FANYHI RITUD.
  2546 | D:3      | 2546 ||| READING 2 scrolls labelled TAEMYUVVO JOIS.
  2547 | D:3      | 2547 ||| READING scroll of enchant weapon.
  2547 | D:3      | 2547 ||| ENCHANTING +1 shortbow.
  2548 | D:3      | 2548 ||| READING 4 scrolls of identify.
  2548 | D:3      | 2548 ||| IDENTIFYING metallic coppery potion
  2549 | D:3      | 2549 ||| READING 3 scrolls of identify.
  2549 | D:3      | 2549 ||| IDENTIFYING coppery potion
  2550 | D:3      | 2550 ||| READING 2 scrolls of identify.
  2550 | D:3      | 2550 ||| IDENTIFYING smoky purple potion
  2551 | D:3      | 2551 ||| DROPPING potion of invisibility.
  2572 | D:4      | 2572 ||| INVOKING Spit Poison.
  2575 | D:4      | 2575 ||| INVOKING Spit Poison.
  2597 | D:4      | 2597 ||| INVOKING Spit Poison.
  2598 | D:4      | 2598 ||| Stepping ~*~*~tactically~*~*~ (outnumbered).
  2602 | D:4      | 2602 ||| INVOKING Spit Poison.
  2607 | D:4      | 2607 ||| INVOKING Spit Poison.
  2626 | D:4      | 2626 ||| INVOKING Spit Poison.
  2634 | D:4      | Noticed Menkaure
  2637 | D:4      | 2637 ||| FLEEEEING.
  2639 | D:4      | 2639 ||| FLEEEEING.
  2643 | D:4      | 2643 ||| FLEEEEING.
  2759 | D:4      | Killed Menkaure
  2760 | D:4      | Reached XP level 7. HP: 57/64 MP: 7/7
  2780 | D:4      | 2780 ||| INVOKING Spit Poison.
  2789 | D:4      | 2789 ||| INVOKING Spit Poison.
  2792 | D:4      | 2792 ||| FLEEEEING.
  2794 | D:4      | 2794 ||| FLEEEEING.
  2795 | D:4      | 2795 ||| FLEEEEING.
  2796 | D:4      | 2796 ||| FLEEEEING.
  2797 | D:4      | 2797 ||| STAIRDANCE
  2799 | D:3      | 2799 ||| INVOKING Spit Poison.
  2825 | D:3      | 2825 ||| READING scroll labelled TIUTRU AXEN.
  2829 | D:4      | 2829 ||| STAIRDANCE
  2831 | D:3      | 2831 ||| INVOKING Spit Poison.
  2879 | D:4      | 2879 ||| INVOKING Spit Poison.
  2916 | D:4      | Reached skill level 7 in Ranged Weapons
  2957 | D:4      | 2957 ||| INVOKING Spit Poison.
  2972 | D:4      | Found a transporter.
  3014 | D:4      | 3014 ||| INVOKING Spit Poison.
  3017 | D:4      | 3017 ||| INVOKING Spit Poison.
  3123 | D:4      | 3123 ||| INVOKING Spit Poison.
  3147 | D:4      | 3147 ||| INVOKING Spit Poison.
  3154 | D:4      | 3154 ||| INVOKING Spit Poison.
  3158 | D:4      | 3158 ||| INVOKING Spit Poison.
  3172 | D:4      | 3172 ||| INVOKING Spit Poison.
  3272 | D:4      | Found a staircase to the Ecumenical Temple.
  3273 | D:4      | 3273 ||| PLANNING TEMPLE
  3273 | D:4      | 3273 ||| UPGRADING to +5 ring of evasion.
  3275 | D:4      | 3275 ||| DROPPING +4 ring of slaying {mikee}.
  3279 | D:4      | 3279 ||| INVOKING Spit Poison.
  3287 | Temple   | Entered the Ecumenical Temple
  3293 | Temple   | 3293 ||| PLANNING OKAWARU WORSHIP
  3477 | Temple   | Became a worshipper of Warmaster Okawaru
  3478 | Temple   | 3478 ||| PLANNING D:1-11
  3498 | D:4      | Found a transporter.
  3501 | D:4      | Noticed a fire bat
  3501 | D:4      | Noticed a fire bat
  3523 | D:4      | Noticed a fire bat
  3539 | D:4      | 3539 ||| INVOKING Spit Poison.
  3546 | D:4      | 3546 ||| INVOKING Spit Poison.
  3644 | D:4      | 3644 ||| INVOKING Spit Poison.
  3647 | D:4      | 3647 ||| INVOKING Spit Poison.
  3658 | D:4      | 3658 ||| INVOKING Spit Poison.
  3737 | D:5      | Entered Level 5 of the Dungeon
  3856 | D:5      | 3856 ||| INVOKING Spit Poison.
  4131 | D:5      | 4131 ||| INVOKING Spit Poison.
  4138 | D:5      | 4138 ||| INVOKING Spit Poison.
  4381 | D:5      | 4381 ||| INVOKING Spit Poison.
  4385 | D:5      | 4385 ||| INVOKING Spit Poison.
  4386 | D:5      | Reached skill level 8 in Ranged Weapons
  4403 | D:5      | 4403 ||| READING scroll of enchant weapon.
  4403 | D:5      | 4403 ||| ENCHANTING +2 shortbow.
  4469 | D:5      | 4469 ||| INVOKING Spit Poison.
  4472 | D:5      | Reached XP level 8. HP: 72/72 MP: 8/8
  4476 | D:5      | 4476 ||| INVOKING Spit Poison.
  4592 | D:5      | Found an ornate altar of the Wu Jian Council.
  4594 | D:5      | 4594 ||| READING 3 scrolls of identify.
  4594 | D:5      | 4594 ||| IDENTIFYING amethyst potion
  4595 | D:5      | 4595 ||| DROPPING potion of lignification.
  4624 | D:6      | 4624 ||| INVOKING Spit Poison.
  4628 | D:6      | 4628 ||| INVOKING Spit Poison.
  4634 | D:6      | 4634 ||| INVOKING Spit Poison.
  4637 | D:6      | 4637 ||| INVOKING Spit Poison.
  4637 | D:6      | HP: 15/74 [orc/+2 heavy hand axe (11)]
  4642 | D:6      | HP: 14/74 [centaur (1)]
  4643 | D:6      | 4643 ||| INVOKING Spit Poison.
  4646 | D:6      | Reached * piety under Okawaru
  4647 | D:6      | 4647 ||| INVOKING Heroism.
  4648 | D:6      | 4648 ||| INVOKING Heroism.
  4649 | D:6      | 4649 ||| INVOKING Spit Poison.
  4649 | D:6      | HP: 12/74 [orc/+2 heavy hand axe (1)]
  4657 | D:6      | 4657 ||| INVOKING Spit Poison.
  4657 | D:6      | HP: 3/74 [gnoll/+0 flail (5)]
  4664 | D:6      | HP: 2/74 [gnoll/+0 spear (1)]
  4664 | D:6      | Slain by a gnoll

Levels and vault maps discovered:
D:1:      dpeg_arrival_lava_altar, layout_basic, serial_shops, shop,
          minmay_pentomino_p2
D:2:      layout_basic
D:3:      layout_loops_ring, tgw_sif, mainiacjoe_overflow_catwalk,
          lightli_sewer_entry_pipes, serial_shops, shop, nrook_mini_vaults,
          minivault_19
D:4:      gammafunk_cloud_chamber, layout_loops_ring,
          minmay_temple_entry_drinking_statues, uniq_menkaure
D:5:      layout_loops_corners, lemuel_tele_altar
D:6:      layout_basic
Temple:   eino_temple_rhombus

Skill      XL: |  1  2  3  4  5  6  7  8 |
---------------+-------------------------+-----
Ranged Weapons | 4 5 6 8 |  8.5
Fighting       | 3 4 5 |  5.2
Dodging        | 2 |  2.0
Stealth        | |  1.5

Action                     |  1- 3 |  4- 6 |  7- 9 || total
---------------------------+-------+-------+-------++-------
   Fire: Shortbow          |    55 |   107 |    99 ||   261
 Invoke: Heroism           |       |       |     1 ||     1
Ability: Spit Poison       |    25 |    35 |    33 ||    93
    Use: Scroll            |     5 |     9 |     3 ||    17
         Potion            |     1 |       |       ||     1
 Armour: Leather armour    |     6 |    12 |     6 ||    24
  Dodge: Dodged            |     9 |    20 |    79 ||   108

Table legend:
 A = Non-vault XP
 B = Vault XP
 C = Vault XP percentage of total XP
 D = Non-vault monster count
 E = Vault monster count
 F = Vault count percentage of total count
                 A         B        C        D         E       F
            +---------+---------+-------+---------+---------+-------
      Total |    1376 |     304 |  18.1 |     102 |      14 |  12.1
            +---------+---------+-------+---------+---------+-------
        D:1 |      32 |       2 |   5.9 |      19 |       1 |   5.0
        D:2 |      66 |       0 |   0.0 |      16 |       0 |   0.0
        D:3 |     229 |     130 |  36.2 |      28 |      12 |  30.0
        D:4 |     476 |     172 |  26.5 |      27 |       1 |   3.6
        D:5 |     256 |       0 |   0.0 |       6 |       0 |   0.0
        D:6 |     317 |       0 |   0.0 |       6 |       0 |   0.0
            +---------+---------+-------+---------+---------+-------
